 Dungeon Crawl Stone Soup version 0.29.1-12-g30fa7ad0bf (webtiles) character file.

Game seed: 6130034909362504420

2758 devnull the Fighter (level 9, -5/82 HPs)
             Began as a Ghoul Gladiator on Dec 29, 2022.
             Slain by a wolf (9 damage)
             ... in a bailey.
             The game lasted 00:32:45 (11201 turns).

devnull the Fighter (Ghoul Gladiator)              Turns: 11201, Time: 00:32:46

Health: -5/82      AC: 15    Str: 22    XL:     9   Next: 69%
Magic:  8/8        EV:  7    Int:  3    God:
Gold:   54         SH:  3    Dex: 10    Spells: 8/8 levels left

rFire   . . .      SeeInvis .   a - +0 war axe
rCold   + . .      Faith    .   t - +0 buckler
rNeg    + + +      Spirit   .   o - +0 plate armour
rPois   ∞          Reflect  .   c - +0 helmet
rElec   .          Harm     .   (no cloak)
rCorr   .          Rampage  .   (no gloves)
Will    .....                   u - +0 pair of boots
Stlth   ..........              (no amulet)
HPRegen 0.00/turn               (no ring)
MPRegen 0.11/turn               (no ring)

@: about to teleport, inhibited regen
A: claws 1, cold resistance 1, negative energy resistance 3, inhibited
regeneration, torment resistance 2, devour on kill
a: no special abilities


You were in a bailey.
You visited 1 branch of the dungeon, and saw 7 of its levels.
You also visited: Bailey.

You collected 369 gold pieces.
You spent 315 gold pieces at shops.

Inventory:

Hand Weapons
 a - a +0 war axe (weapon)
 b - a +0 sling
Missiles
 E - 2 throwing nets (quivered)
Armour
 c - a +0 helmet (worn)
 n - a scarf of shadows
 o - a +0 plate armour (worn)
 t - a +0 buckler (worn)
 u - a +0 pair of boots (worn)
 z - a +0 leather armour
Wands
 x - a wand of roots (1)
 A - a wand of polymorph (9)
Scrolls
 e - a scroll of amnesia
 g - 2 scrolls of enchant weapon
 q - a scroll of fear
 r - 2 scrolls of vulnerability
 D - a scroll of brand weapon
Potions
 d - a potion of invisibility
 f - a potion of ambrosia
 i - 3 potions of attraction
 j - a potion of magic {unknown}
 k - 2 potions of curing {unknown}
 l - a potion of mutation {unknown}
 m - 2 potions of might {unknown}
 s - 2 potions of haste {unknown}
 w - a potion of cancellation {unknown}
 B - 2 potions of lignification {unknown}
 C - a potion of brilliance {unknown}


   Skills:
 + Level 8.5 Fighting
 + Level 7.4 Axes
 - Level 1.7 Throwing
 + Level 6.7 Armour
 - Level 2.6 Dodging


You had 8 spell levels left.
You didn't know any spells.
Your spell library contained the following spells:

 Spells                   Type           Power      Damage    Failure   Level
 Poisonous Vapours        Pois/Air       0%         N/A       100%        2
 Dazzling Flash           Conj/Hex       0%         N/A       100%        3
 Gell's Gravitas          Tloc           0%         N/A       100%        3
 Lesser Beckoning         Tloc           0%         N/A       100%        3
 Ozocubu's Armour         Ice            0%         N/A       100%        3
 Portal Projectile        Hex/Tloc       0%         N/A       100%        3
 Teleport Other           Tloc           0%         N/A       100%        3
 Tukima's Dance           Hex            0%         N/A       100%        3
 Animate Armour           Summ/Erth      0%         N/A       100%        4
 Corpse Rot               Necr/Pois/Air  0%         N/A       100%        4
 Iskenderun's Mystic Bla  Conj/Tloc      0%         2d3       100%        4
 Iron Shot                Conj/Erth      0%         9d1       100%        6
 Starburst                Conj/Fire      0%         6d3       100%        6
 Ozocubu's Refrigeration  Ice            0%         4d7       100%        7
 Blade Hands              Tmut           Unusable   N/A       N/A         5

Dungeon Overview and Level Annotations

Branches:
Dungeon (7/15)             Temple (0/1) D:7          Bailey (1/1)

Altars:
Dithmenos
Gozag

Shops:
D:4 *   D:7 ?

Annotations:
D:4 3 runed translucent doors !prince fapbrit, Prince Ribbit; venomsnake's ghost, amateur GrEE


Innate Abilities, Weirdness & Mutations

You are immune to poison.
You have sharp fingernails.
Your flesh is cold resistant. (rC+)
You are immune to negative energy. (rN+++)
You do not regenerate when monsters are visible.
You are immune to unholy pain and torment.
You thrive by killing the living.


Message History

You barely miss the gnoll sergeant.
The gnoll sergeant is lightly wounded.
The gnoll sergeant hits you with a +0 halberd!
* * * LOW HITPOINT WARNING * * *
The wolf bites you.
* * * LOW HITPOINT WARNING * * *
You feel much better. The wolf barely misses you.
The gnoll sergeant hits you but does no damage.
The wolf bites you.
You barely miss the gnoll sergeant.
The gnoll sergeant is lightly wounded.
You miss the wolf. The wolf bites you.
The gnoll sergeant hits you with a +0 halberd.
The wolf bites you but does no damage.
You hit the gnoll sergeant but do no damage.
The gnoll sergeant is lightly wounded.
You hit the wolf. The wolf bites you but does no damage.
The gnoll sergeant completely misses you.
You hit the gnoll sergeant but do no damage.
The gnoll sergeant is lightly wounded.
You miss the wolf. The wolf bites you!
The gnoll sergeant hits you with a +0 halberd!
* * * LOW HITPOINT WARNING * * *
The gnoll hits you from afar with a +0 trident.
* * * LOW HITPOINT WARNING * * *
You block the wolf's attack. The gnoll sergeant barely misses you.
The gnoll hits you from afar with a +0 trident.
* * * LOW HITPOINT WARNING * * *
The wolf closely misses you.
The gnoll hits you from afar with a +0 halberd.
* * * LOW HITPOINT WARNING * * *
The wolf attacks as you move away! The wolf barely misses you.
The gnoll sergeant barely misses you.
As you read the scroll of teleportation, it crumbles to dust.
You feel strangely unstable. The wolf barely misses you. x2
The gnoll sergeant barely misses you.
The gnoll hits you from afar with a +0 trident.
* * * LOW HITPOINT WARNING * * *
The wolf attacks as you move away! The wolf bites you!
You die...

♣♣♣♣.......♣♣
♣♣♣......÷....♣♣♣
♣♣.......).......♣♣
♣♣≈≈≈≈≈≈≈...≈≈≈≈≈≈≈♣♣
♣≈≈.......).......≈≈♣
♣≈.......).........≈♣
♣≈.######'''######.≈♣
♣≈.# #[.[# #.≈♣ ♣≈##
#@g)# ##≈♣ ♣≈ #h).#
≈♣ ♣≈ ##g## ≈♣ ♣≈
##.).## ≈♣ ♣≈
##.)...## ≈♣ ♣≈
#.......# ≈♣ ♣≈
#...8...# ###≈♣
#.......#...#
##..)..##...#


You could see a gnoll sergeant, a wolf and a gnoll.

Vanquished Creatures
  Sigmund (D:4)
  2 water moccasins
  A sky beast (D:4)
  An ice beast (D:6)
  2 black bears
  2 wolves (Bailey)
  A centaur (D:6)
  A phantom (D:5)
  Blork the orc (D:5)
  A necrophage (D:6)
  4 gnoll sergeants (Bailey)
  6 scorpions
  3 jellies
  A bullfrog zombie (D:7)
  A centaur zombie (D:7)
  7 hounds
  6 gnoll boudas
  An iguana (D:4)
  An orc wizard (D:3)
  2 killer bee zombies (D:7)
  A howler monkey zombie (D:7)
  11 adders
  17 gnolls
  An ufetubus (D:6)
  5 orcs
  3 endoplasms
  3 giant cockroaches
  7 goblins
  3 hobgoblins
  4 jackals (D:3)
  3 quokkas
  3 ball pythons
  5 bats
  2 frilled lizards
  9 kobolds
  3 rats
125 creatures vanquished.

Vanquished Creatures (others)
  An orc wizard (D:3)
  4 withered plants (D:7)
5 creatures vanquished.

Grand Total: 130 creatures vanquished

Notes
Turn   | Place    | Note
-------+----------+-------------------------------------------
     0 | D:1      | devnull the Ghoul Gladiator began the quest for the Orb.
     0 | D:1      | Reached XP level 1. HP: 17/17 MP: 0/0
   279 | D:1      | Reached XP level 2. HP: 25/25 MP: 1/1
   721 | D:1      | Reached skill level 1 in Armour
   800 | D:2      | Reached XP level 3. HP: 25/30 MP: 2/2
  1190 | D:2      | Reached skill level 3 in Fighting
  1694 | D:1      | Reached XP level 4. HP: 37/38 MP: 3/3
  2197 | D:3      | Reached XP level 5. HP: 18/46 MP: 4/4
  2848 | D:3      | Found a shadowy altar of Dithmenos.
  2869 | D:3      | Found a faded altar of an unknown god.
  3012 | D:3      | Reached skill level 4 in Fighting
  3493 | D:4      | Found an opulent altar of Gozag.
  3499 | D:4      | Noticed a black bear
  3523 | D:4      | Killed a black bear
  3524 | D:4      | Reached XP level 6. HP: 41/53 MP: 5/5
  3940 | D:4      | Noticed Sigmund
  3987 | D:4      | Killed Sigmund
  3988 | D:4      | Reached skill level 5 in Fighting
  3988 | D:4      | Reached XP level 7. HP: 26/61 MP: 6/6
  4217 | D:4      | Noticed venomsnake's ghost (amateur GrEE)
  4224 | D:4      | Found a runed translucent gate.
  4224 | D:4      | Found a runed translucent gate.
  4294 | D:4      | Found Soteegh's Assorted Antiques.
  4297 | D:4      | Bought a scroll of teleportation for 87 gold pieces
  4372 | D:4      | Found a runed translucent gate.
  4406 | D:4      | HP: 3/61 [something (6)]
  4949 | D:5      | Entered Level 5 of the Dungeon
  4969 | D:5      | Reached skill level 5 in Axes
  5355 | D:5      | Noticed Blork the orc
  5376 | D:5      | Killed Blork the orc
  5377 | D:5      | Reached XP level 8. HP: 48/70 MP: 7/7
  5489 | D:5      | Reached skill level 6 in Fighting
  5561 | D:5      | Noticed Prince Ribbit
  6995 | D:6      | Reached skill level 5 in Armour
  7052 | D:6      | Reached skill level 7 in Fighting
  8982 | D:6      | Reached XP level 9. HP: 29/79 MP: 8/8
  9649 | D:7      | Found Ykkutaal's Magic Scroll Shoppe.
  9665 | D:7      | Bought a scroll of identify for 24 gold pieces
  9665 | D:7      | Bought a scroll of magic mapping for 90 gold pieces
  9665 | D:7      | Bought a scroll of brand weapon for 114 gold pieces
  9823 | D:7      | Found a flagged portal.
  9925 | Bailey   | Entered a bailey
 10143 | Bailey   | Reached skill level 8 in Fighting
 10716 | Bailey   | HP: 4/81 [gnoll sergeant/+0 halberd (3)]
 11200 | Bailey   | HP: 4/82 [gnoll/+0 trident (2)]
 11201 | Bailey   | Slain by a wolf

Illustrated notes

Levels and vault maps discovered:
D:1:      lightli_arrival_noodles, layout_rooms
D:2:      layout_loops_ring
D:3:      layout_basic, overflow_temple_1_default,
          dreamdust_ecumenical_altar_angels_and_demons,
          chequers_serial_rivers_large_b
D:4:      layout_layer_cave, nicolae_gozag_seed_capital, serial_shops,
          nicolae_shop_behind_doors, gammafunk_ghost_split, uniq_sigmund
D:5:      layout_loops_cross, uniq_prince_ribbit1, uniq_blork_the_orc
D:6:      layout_basic
D:7:      layout_basic, minmay_temple_entry_glass, serial_shops, shop,
          serial_undead, serial_undead_f, serial_undead_f, serial_undead_e,
          serial_undead_a, serial_undead_b, serial_undead_b, serial_undead_b,
          serial_undead_e, serial_undead_f, serial_undead_f, enter_bailey_3,
          worms_lemuel
Bailey:   bailey_polearm_gnolls_kennysheep, bailey

Skill      XL: |  1  2  3  4  5  6  7  8  9 |
---------------+----------------------------+-----
Axes           | 3 4 5 6 7 |  7.4
Armour         | 1 2 3 4 5 6 |  6.7
Fighting       | 3 4 5 7 8 |  8.5
Throwing       | |  1.7
Dodging        | |  2.6

Action                   |  1- 3 |  4- 6 |  7- 9 || total
-------------------------+-------+-------+-------++-------
Melee: War axe           |    96 |   130 |   455 ||   681
       Punch             |     2 |     1 |     1 ||     4
 Fire: Sling             |       |       |    11 ||    11
Throw: Throwing net      |       |     5 |     3 ||     8
       Javelin           |       |     2 |       ||     2
Evoke: Wand              |       |       |     8 ||     8
  Use: Scroll            |       |     4 |    13 ||    17
       Potion            |       |       |     4 ||     4
 Stab: Held in net/web   |       |     1 |     1 ||     2
Armor: Leather armour    |    41 |       |       ||    41
       Plate armour      |       |   108 |   415 ||   523
Dodge: Dodged            |    85 |    38 |   217 ||   340
Block: Buckler           |       |       |    80 ||    80
